 Dungeon Crawl Stone Soup version 0.16-a0-783-gf476f6a (webtiles) character file.

8 Ratboiler the Sneak (level 2, -1/17 HPs)
             Began as an Octopode Enchanter on Sept 26, 2014.
             Slain by a gnoll
             ... wielding a +0 club
              (11 damage)
             ... on Level 1 of the Dungeon.
             The game lasted 00:00:48 (385 turns).

Ratboiler the Sneak (Octopode Enchanter)             Turns: 385, Time: 00:00:48

HP  -1/17        AC  1     Str  7      XL: 2   Next:  8%
MP   0/4         EV 12     Int 17      God:
Gold 33          SH  0     Dex 12      Spells:  2 memorised,  2 levels left

rFire  . . .     SeeInvis .     a - +1 dagger
rCold  . . .     Clarity  .     (no shield)
rNeg   . . .     rCorr    .     (helmet restricted)
rPois  .         rRot     .     (no amulet)
rElec  .         Spirit   .     (no ring)
SustAb .         Warding  .     (no ring)
rMut   .         Stasis   .     (no ring)
Gourm  .                        (no ring)
MR     .....                    (no ring)
                                (no ring)
                                (no ring)
                                (no ring)

@: not resistant to hostile enchantments, stealthy
A: almost no armour, amphibious, 8 rings, constrict 8, camouflage 1, gelatinous
body 1
a: no special abilities


You were on level 1 of the Dungeon.
You were not hungry.

You visited 1 branch of the dungeon, and saw 1 of its levels.

You collected 33 gold pieces.

Inventory:

Hand weapons
 a - a +1 dagger (weapon)
Comestibles
 d - a bread ration
Scrolls
 b - a scroll of immolation {unknown}
 e - 2 scrolls of recharging {unknown}
 h - a scroll of magic mapping {unknown}
 i - a scroll of amnesia {unknown}
Potions
 f - a potion of invisibility {unknown}
 g - a potion of heal wounds {unknown}
 j - a potion of curing {unknown}
Books
 c - a book of Maledictions

   Spells                             Type                      Level
   *Corona                            Hexes                        1
   Sure Blade                         Hexes/Charms                 2
   *Ensorcelled Hibernation           Hexes/Ice                    2
   Confuse                            Hexes                        3
   Dazzling Spray                     Conjuration/Hexes            3
   Enslavement                        Hexes                        4


   Skills:
 - Level 1.0 Short Blades
 - Level 2.0 Dodging
 + Level 4.9 Stealth
 - Level 2.0 Spellcasting
 - Level 3.0 Hexes


You had 2 spell levels left.
You knew the following spells:

 Your Spells              Type           Power        Failure   Level  Hunger
a - Corona                Hex            ##.....      6%          1    #......
b - Ensorcelled Hibernat  Hex/Ice        #.....       17%         2    ###....


Dungeon Overview and Level Annotations

Branches:
Dungeon (1/15)

Altars:


Innate Abilities, Weirdness & Mutations

You cannot wear most types of armour.
You are amphibious.
You can wear up to eight rings at the same time.
You can use your tentacles to constrict many enemies at once.
Your skin changes colour to match your surroundings (Stealth).
Your rubbery body absorbs attacks (AC +1).


Message History

You constrict the gnoll, but do no damage.
The gnoll hits you with a club.
You are too injured to fight recklessly!
You are too injured to fight recklessly!
You are too injured to fight recklessly!
Cast which spell? (? or * to list)
Aiming: Ensorcelled Hibernation
Press: ? - help, Shift-Dir - straight line, f - gnoll
Aim: a gnoll, wielding a club (moderately wounded, constricted by you)
The gnoll resists.
You constrict the gnoll, but do no damage.
The gnoll completely misses you.
Casting: Ensorcelled Hibernation
Confirm with . or Enter, or press ? or * to list all spells.
Aiming: Ensorcelled Hibernation
Press: ? - help, Shift-Dir - straight line, f/p - gnoll
Aim: a gnoll, wielding a club (moderately wounded, constricted by you)
The gnoll resists.
You constrict the gnoll. The gnoll hits you with a club!
Ouch! That really hurt!
You die...

.... ..#.###...... .#.#
#............
.#.###..%....###.# .>..#
#.# #... ..# .)..# #.#
#..# #.# ....# #.#
#..###.. .#..#
#.###...##.# .#..#
#.##....##g# .#..#
#.##.....#@# .#..#
#%##.....#?#####.# ....#
#.#...........(.g#
....###.#.#..........###
............#.######.#
###.###...###.# .. ###.#
###.# #.# # .##.# #.#
#.# ....# #.# #.#


You could see a gnoll.

Vanquished Creatures
  2 bats (D:1)
  2 goblins (D:1)
  A hobgoblin (D:1)
  A giant newt (D:1)
  A rat (D:1)
7 creatures vanquished.

Notes
Turn   | Place    | Note
--------------------------------------------------------------
     0 | D:1      | Ratboiler, the Octopode Enchanter, began the quest for the Orb.
     0 | D:1      | Reached XP level 1. HP: 11/11 MP: 3/3
   348 | D:1      | Reached XP level 2. HP: 15/17 MP: 4/4
   352 | D:1      | Learned a level 2 spell: Ensorcelled Hibernation
   385 | D:1      | Slain by a gnoll

Action                   || total
-------------------------++-------
Melee: Dagger            ||    13
 Cast: Ensorcelled Hiber ||     2
 Stab: Sleeping          ||     3
